 Dungeon Crawl Stone Soup version 0.20.1-1-g8b1a95d (webtiles) character file.

343 McKennaii the Conjurer (level 6, -8/46 HPs)
             Began as a Draconian Conjurer on July 30, 2017.
             Was an Initiate of Sif Muna.
             Mangled by an ogre
             ... wielding a +0 giant club
              (21 damage)
             ... on level 5 of the Dungeon.
             The game lasted 00:09:40 (4657 turns).

McKennaii the Conjurer (Draconian Conjurer)         Turns: 4657, Time: 00:09:41

Health: -8/46      AC:  7    Str: 10    XL:     6   Next: 31%
Magic:  5/11       EV: 13    Int: 17    God:    Sif Muna [......]
Gold:   189        SH:  0    Dex: 12    Spells: 7/12 levels left

rFire    . . .     SeeInvis .   w - +1 trident of Distraction {flame, +Inv rC+ Stlth-} (curse)
rCold    + . .     Gourm    .   (no shield)
rNeg     . . .     Faith    .   (armour unavailable)
rPois    .         Spirit   .   (helmet restricted)
rElec    .         Reflect  .   r - +0 cloak
rCorr    +         Harm     .   (no gloves)
MR       .....                  (no boots)
Stlth    +.........             (no amulet)
Regen    0.2/turn               o - ring of resist corrosion
MPRegen  0.2/turn               (no ring)

@: very slightly contaminated
A: unfitting armour, cold-blooded, AC +6
a: Renounce Religion, Evoke Invisibility


You were on level 5 of the Dungeon.
You worshipped Sif Muna.
Sif Muna was noncommittal.
You were very hungry.

You visited 1 branch of the dungeon, and saw 5 of its levels.

You collected 189 gold pieces.

Inventory:

Hand Weapons
 w - the cursed +1 trident of Distraction (weapon) {flame, +Inv rC+ Stlth-}
   (You found it on level 4 of the Dungeon)

   It has been specially enchanted to burn those struck by it, causing extra
   injury to most foes and up to half again as much damage against particularly
   susceptible opponents.
   It protects you from cold.
   It lets you turn invisible.
   It makes you less stealthy.
   It has a curse placed upon it.
Armour
 r - a +0 cloak (worn)
Jewellery
 o - a ring of resist corrosion (left hand)
Wands
 q - a wand of polymorph (15/24)
Scrolls
 d - a scroll of blinking {unknown}
 e - a scroll of enchant armour {unknown}
 g - 4 scrolls of magic mapping {unknown}
 h - 5 scrolls of identify {unknown}
 k - 2 scrolls of amnesia {unknown}
 n - a scroll of teleportation {unknown}
 t - a scroll of random uselessness {unknown}
 u - a scroll of enchant weapon {unknown}
 y - a scroll of immolation {unknown}
Potions
 f - a potion of agility {unknown}
 i - a potion of curing
 m - 3 potions of lignification {unknown}
 s - a potion of ambrosia {unknown}
 v - a potion of magic {unknown}
 x - a potion of flight {unknown}
Books
 a - a book of Conjurations

   Spells                             Type                      Level
   a - Magic Dart                     Conjuration                  1
   b - Searing Ray                    Conjuration                  2
   c - Dazzling Spray                 Conjuration/Hexes            3
   d - Fulminant Prism                Conjuration/Hexes            4
   e - Force Lance                    Conjuration/Translocation    4
   f - Iskenderun's Mystic Blast      Conjuration                  4
Comestibles
 b - 5 bread rations
 c - a fruit
 j - 2 meat rations
 p - 2 royal jellies


   Skills:
 + Level 0.9 Fighting
 + Level 2.6 Dodging
 + Level 2.6 Stealth
 - Level 0.2 Unarmed Combat
 + Level 3.6 Spellcasting
 + Level 5.9 Conjurations


You had 7 spell levels left.
You knew the following spells:

 Your Spells              Type           Power        Failure   Level  Hunger
a - Magic Dart            Conj           ###.         1%          1    None
b - Iskenderun's Mystic   Conj           ###.....     14%         4    ####...


Dungeon Overview and Level Annotations

Branches:
Dungeon (5/15)             Temple (0/1) D:4

Altars:
Sif Muna
Zin

Shops:
D:5 (


Innate Abilities, Weirdness & Mutations

Your plain brown scales are hard. (AC +6)
You cannot fit into any form of body armour.
You are cold-blooded and may be slowed by cold attacks.


Message History

You feel much better.
You closely miss the ogre.
The ogre is moderately wounded.
The ogre barely misses you.
You puncture the ogre! You burn the ogre.
The ogre is almost dead.
The ogre closely misses you.
You hit the ogre. You burn the ogre.
The ogre is almost dead.
The ogre hits you with a giant club!!
Ouch! That really hurt!
* * * LOW HITPOINT WARNING * * *
You barely miss the ogre.
Your tail-slap misses the ogre.
The ogre is almost dead.
The ogre barely misses you.
You hit the ogre but do no damage.
You tail-slap the ogre, but do no damage.
The ogre is almost dead.
The ogre hits you with a giant club!!
You die...

.........<..# #.
...........###...
#.#.###.###....#
#.....#### ...####..##
.....>..##### .#
.....##.....# ##.#
............######....
......###...@.........#
...... #...O..........
......###............##
....#.................
... ##...............#
#................
#................
#................
............)...##


You could see an ogre.

Vanquished Creatures
  An ogre (D:3)
  2 orc wizards (D:3)
  Terence (D:2)
  A worker ant (D:4)
  A hound skeleton (D:4)
  6 adders
  An ooze (D:3)
  2 worms
  3 dart slugs
  3 leopard geckos
  4 orcs
  2 ball pythons
  8 giant cockroaches
  6 goblins
  3 hobgoblins
  2 quokkas
  3 bats
  3 frilled lizards
  8 kobolds
  5 rats
65 creatures vanquished.

Notes
Turn   | Place    | Note
-------+----------+-------------------------------------------
     0 | D:1      | McKennaii the Draconian Conjurer began the quest for the Orb.
     0 | D:1      | Reached XP level 1. HP: 14/14 MP: 3/3
   262 | D:1      | Reached XP level 2. HP: 20/20 MP: 1/5
   810 | D:2      | Reached XP level 3. HP: 26/26 MP: 2/6
  1234 | D:2      | Found a faded altar of an unknown god.
  1330 | D:2      | Reached skill level 5 in Conjurations
  1449 | D:2      | Found a glowing silver altar of Zin.
  2037 | D:2      | Reached XP level 4. HP: 34/34 MP: 1/7
  2341 | D:3      | Noticed Terence
  2475 | D:2      | Killed Terence
  2858 | D:3      | Reached XP level 5. HP: 39/39 MP: 6/8
  2880 | D:3      | Learned a level 4 spell: Iskenderun's Mystic Blast
  3146 | D:3      | Found a deep blue altar of Sif Muna.
  3239 | D:3      | Became a worshipper of Sif Muna the Loreminder
  3342 | D:4      | Noticed an ogre
  3461 | D:3      | Killed an ogre
  3461 | D:3      | Reached XP level 6. HP: 23/46 MP: 0/11
  3746 | D:4      | Got a warped trident
  3747 | D:4      | Identified the cursed +1 trident of Distraction {flame, +Inv rC+ Stlth-} (You found it on level 4 of the Dungeon)
  3896 | D:4      | Found a staircase to the Ecumenical Temple.
  4610 | D:5      | Entered Level 5 of the Dungeon
  4623 | D:5      | Found Gonkuqu's Weapon Boutique.
  4657 | D:5      | Mangled by an ogre

Skill      XL: |  1  2  3  4  5 |
---------------+----------------+-----
Dodging        | 2 |  2.6
Stealth        | 2 |  2.6
Conjurations   | 5 |  5.9
Spellcasting   | 3 |  3.6
Fighting       | |  0.9
Unarmed Combat | |  0.2

Action                   |  1- 3 |  4- 6 || total
-------------------------+-------+-------++-------
Melee: Unarmed           |    47 |    39 ||    86
       Tailslap          |     5 |     8 ||    13
       Punch             |     1 |       ||     1
       Trident           |       |    21 ||    21
 Cast: Magic Dart        |    70 |   105 ||   175
       Iskenderun's Myst |       |     1 ||     1
  Use: Potion            |       |     3 ||     3
  Eat: Chunk             |     4 |     8 ||    12
       Fruit             |       |     1 ||     1
Armor: Skin              |    17 |    23 ||    40
Dodge: Dodged            |    56 |    53 ||   109
